 Dungeon Crawl Stone Soup version 0.31-a0-702-gf82c85558f (webtiles) character file.

Game seed: 6630313483647193590

86 qw the Shooter (level 4, 0/28 HPs)
             Began as a Gargoyle Hunter on Sept 7, 2023.
             Frozen to death by an endoplasm (3 damage)
             ... on level 2 of the Dungeon.
             The game lasted 00:00:27 (1120 turns).

qw the Shooter (Gargoyle Hunter)                    Turns: 1120, Time: 00:00:27

Health: 0/28       AC:  8    Str: 14    XL:     4   Next: 49%
Magic:  4/4        EV: 11    Int: 10    God:
Gold:   103        SH:  0    Dex: 15    Spells: 3/3 levels left

rFire   . . .        Y - +0 shortbow
rCold   . . .        (shield currently unavailable)
rNeg    + . .        f - +0 ring mail
rPois   inf          (no helmet)
rElec   +            (no cloak)
rCorr   .            (no gloves)
SInv    .            (no boots)
Will    +....        (no amulet)
Stlth   +            e - ring of willpower
HPRegen 0.24/turn    (no ring)
MPRegen 0.09/turn

%: no passive effects
@: no status effects
A: sickness immunity, AC +3, negative energy resistance 1, electricity
resistance, torment resistance 1, petrification resistance
a: no special abilities


You were on level 2 of the Dungeon.
You visited 1 branch of the dungeon, and saw 2 of its levels.

You collected 103 gold pieces.


Innate Abilities, Weirdness & Mutations

You are immune to sickness and miasma.
Your stone body is resilient. (AC +3)
You are immune to poison.
You resist negative energy. (rN+)
You are resistant to electric shocks. (rElec)
You are resistant to unholy torment.
You are immune to petrification.


   Skills:
 - Level 3.4 Fighting
 + Level 5.0 Ranged Weapons
 - Level 1.4 Armour
 - Level 1.5 Dodging
 - Level 1.1 Stealth


You had 3 spell levels left.
You didn't know any spells.
Your spell library was empty.

Inventory:

Hand Weapons
 Y - a +0 shortbow (weapon)
Armour
 b - a +1 cloak
 c - a +0 pair of gloves
 f - a +0 ring mail (worn)
Jewellery
 e - a ring of willpower (left hand)
Potions
 a - a potion of curing {unknown}
 g - a potion of heal wounds {unknown}
 h - a potion of resistance {unknown}

Dungeon Overview and Level Annotations

Branches:
Dungeon (2/15)

Altars:


Message History

The jelly closely misses you.
The endoplasm hits the toadstool.
The toadstool is destroyed!
The endoplasm hits the fungus.
The endoplasm closely misses you.
The endoplasm jiggles.
The jelly hits the fungus.
The fungus is splashed with acid.
The fungus seems to be corroded for longer.
You shoot an arrow. The arrow hits the jelly.
The jelly is lightly wounded.
A nearby fungus withers and dies. x2; The jelly hits you but does no damage.
The endoplasm freezes you.
You are frozen.
You shoot an arrow. The arrow hits the jelly.
The jelly is heavily wounded.
A nearby fungus withers and dies.
The jelly closely misses you. The endoplasm closely misses you.
You shoot an arrow. The arrow hits the jelly!
The jelly is almost dead.
The jelly hits you but does no damage. The endoplasm completely misses you.
The endoplasm freezes you.
You are frozen.
The endoplasm barely misses you. The endoplasm misses you.
The jelly misses you.
You shoot an arrow. The arrow barely misses the jelly.
The arrow hits the endoplasm.
The endoplasm is lightly wounded.
The jelly hits you.
You are splashed with acid!
The endoplasm barely misses you. The endoplasm freezes you.
You are frozen.
You shoot an arrow. The arrow hits the jelly.
You kill the jelly!
The endoplasm closely misses you.
The endoplasm hits you but does no damage.
Your Fighting skill increases to level 3!
You have reached level 4!
You feel clever.
You shoot an arrow. The arrow hits the endoplasm.
The endoplasm is severely wounded.
The endoplasm freezes you.
You are frozen.
The endoplasm freezes you.
You are frozen.
You die...

.....#
#........#........#
####.#
#...##...#.###<#..# #.#
#...##.....###.#... #.#
#...##.........#.## #.##
............###.#.#
####..#
#############....#.#
......# #############.#
#.###############J...%.#
#.#
...#####......##@JJ.P%P#
#.#
...#.##.......#)#JJ%...#
#..
...#.)........#.#J%PPPP#
###
.....)))......#.#..%...#
#.##.)......#'#.#....PP#
.....##.....#.#.#...%..#
#.######..(.#.#.#P..PPP#
#. #######.##.....!# ..
###


You could see a jelly and 5 endoplasms.

Vanquished Creatures
  A jelly (D:2)
  An adder (D:2)
  A dart slug (D:2)
  3 ball pythons
  3 endoplasms (D:2)
  A giant cockroach (D:1)
  2 goblins
  9 hobgoblins
  3 jackals (D:2)
  2 bats
  A frilled lizard (D:1)
  9 kobolds
  7 rats
43 creatures vanquished.

Notes
Turn   | Place    | Note
-------+----------+-------------------------------------------
     0 | D:1      | qw the Gargoyle Hunter began the quest for the Orb.
     0 | D:1      | Reached XP level 1. HP: 12/12 MP: 1/1
     0 | D:1      | 0 ||| qw: Version: 0.3-a-76-g4403597
     0 | D:1      | 0 ||| qw: Game counter: 745
     0 | D:1      | 0 ||| qw: Melee chars always use a shield: true
     0 | D:1      | 0 ||| qw: God list: Okawaru
     0 | D:1      | 0 ||| qw: Allow faded altars: false
     0 | D:1      | 0 ||| qw: Do Orc after clearing Dungeon:15 true
     0 | D:1      | 0 ||| qw: Do second Lair branch before Depths: true
     0 | D:1      | 0 ||| qw: Lair rune preference: random
     0 | D:1      | 0 ||| qw: Goals: Normal
     0 | D:1      | 0 ||| PLANNING D:1-11
   255 | D:1      | Reached XP level 2. HP: 14/17 MP: 2/2
   604 | D:1      | 604 ||| UPGRADING to +0 ring mail.
   614 | D:1      | 614 ||| DROPPING +0 leather armour.
   615 | D:1      | 615 ||| UPGRADING to ring of willpower.
   616 | D:1      | 616 ||| READING 2 scrolls labelled PASILODEDODD.
   617 | D:1      | 617 ||| DROPPING scroll of amnesia.
   618 | D:1      | 618 ||| DROPPING scroll of butterflies.
   649 | D:2      | Reached XP level 3. HP: 21/21 MP: 3/3
   698 | D:2      | Reached skill level 1 in Armour
   874 | D:2      | Reached skill level 5 in Ranged Weapons
  1118 | D:2      | HP: 5/22 [frozen (1)]
  1120 | D:2      | Reached skill level 3 in Fighting
  1120 | D:2      | Reached XP level 4. HP: 7/28 MP: 4/4
  1120 | D:2      | Frozen to death by an endoplasm

Levels and vault maps discovered:
D:1:      dpeg_arrival_pond, layout_loops_ring
D:2:      cheibrodos_fertilizer, layout_loops_corners,
          ebering_ecumenical_altar_mist, minmay_tetromino_l2

Skill      XL: |  1  2  3 |
---------------+----------+-----
Armour         | 1 |  1.4
Ranged Weapons | 5 |  5.0
Fighting       | 3 |  3.4
Dodging        | |  1.5
Stealth        | |  1.1

Action                     |  1- 3 |  4- 6 || total
---------------------------+-------+-------++-------
   Fire: Shortbow          |   116 |     1 ||   117
    Use: Scroll            |     1 |       ||     1
 Armour: Leather armour    |     8 |       ||     8
         Ring mail         |    26 |       ||    26
  Dodge: Dodged            |    44 |       ||    44

Table legend:
 A = Non-vault XP
 B = Vault XP
 C = Vault XP percentage of total XP
 D = Non-vault monster count
 E = Vault monster count
 F = Vault count percentage of total count
                 A         B        C        D         E       F
            +---------+---------+-------+---------+---------+-------
      Total |      62 |      61 |  49.6 |      32 |      11 |  25.6
            +---------+---------+-------+---------+---------+-------
        D:1 |      30 |       0 |   0.0 |      20 |       0 |   0.0
        D:2 |      32 |      61 |  65.6 |      12 |      11 |  47.8
            +---------+---------+-------+---------+---------+-------
